 Dungeon Crawl Stone Soup version 0.19-a0-944-gb338e1e (webtiles) character file.

413 Implojin the Cleaver (level 6, -4/51 HPs)
             Began as a Minotaur Fighter on July 9, 2016.
             Was an Initiate of Cheibriados.
             Shot with an arrow by a centaur (9 damage)
             ... on level 6 of the Dungeon.
             The game lasted 00:04:35 (698 turns).

Implojin the Cleaver (Minotaur Fighter)              Turns: 698, Time: 00:04:36

Health: -4/51      AC: 12    Str: 22    XL:     6   Next: 59%
Magic:  5/5        EV: -1    Int:  6    God:    Cheibriados [......]
Gold:   51         SH:  9    Dex: 12    Spells: 0 memorised, 5 levels left

rFire  . . .     SeeInvis .     a - +0 war axe
rCold  . . .     Gourm    .     s - +0 plate armour
rNeg   . . .     Faith    .     c - +0 shield
rPois  .         Spirit   .     (helmet restricted)
rElec  .         Dismiss  .     r - +0 cloak
rCorr  +         Reflect  .     (no gloves)
SustAt .         Harm     .     (no boots)
MR     .....                    (no amulet)
Stlth  ..........               q - ring of wizardry
                                g - ring of resist corrosion

@: very slow, not resistant to hostile enchantments, extremely unstealthy
A: retaliatory headbutt, horns 2
a: Bend Time, Renounce Religion


You were on level 6 of the Dungeon.
You worshipped Cheibriados.
Cheibriados was noncommittal.
You were not hungry.

You visited 1 branch of the dungeon, and saw 7 of its levels.
You also visited: Sewer.

You collected 51 gold pieces.

Inventory:

Hand Weapons
 a - a +0 war axe (weapon)
 m - a +0 flail
Missiles
 n - 4 tomahawks (quivered)
Armour
 b - a +0 scale mail
 c - a +0 shield (worn)
 o - a +0 chain mail
 r - a +0 cloak (worn)
 s - a +0 plate armour (worn)
Jewellery
 g - a ring of resist corrosion (left hand)
 q - a ring of wizardry (right hand)
Scrolls
 e - a scroll of random uselessness {unknown}
 i - 2 scrolls of identify {unknown}
 l - a scroll of teleportation {unknown}
 p - a scroll of enchant armour {unknown}
 u - a scroll of remove curse {unknown}
Potions
 d - a potion of heal wounds
 j - a potion of curing
 k - a potion of magic {unknown}
 t - a potion of flight {unknown}
Comestibles
 f - 3 bread rations
 h - 2 meat rations


   Skills:
 - Level 3.6 Fighting
 * Level 8.6 Axes
 - Level 3.6 Armour
 - Level 3.6 Shields


You had 5 spell levels left.
You didn't know any spells.

Dungeon Overview and Level Annotations

Branches:
Dungeon (7/15)
 Temple: D:4-7

Altars:
Cheibriados
Vehumet
Zin


Innate Abilities, Weirdness & Mutations

You reflexively headbutt those who attack you in melee.
You have a pair of horns on your head.


Message History

Unknown command.
You hit the wyvern skeleton. You block the wyvern skeleton's attack.
The wyvern skeleton bites you.
* * * LOW HITPOINT WARNING * * *
You hit the wyvern skeleton. You block the wyvern skeleton's attack.
The wyvern skeleton bites you but does no damage.
Unknown command.
You hit the wyvern skeleton but do no damage.
You block the wyvern skeleton's attack.
You barely miss the wyvern skeleton. You headbutt the wyvern skeleton.
The wyvern skeleton bites you.
* * * LOW HITPOINT WARNING * * *
The wyvern skeleton bites you.
* * * LOW HITPOINT WARNING * * *
You hit the wyvern skeleton.
You destroy the wyvern skeleton!
Cheibriados thoroughly appreciates the change of pace.
h - 2 meat rations (gained 1)
You now have 51 gold pieces (gained 13).
Found a falchion.
There is a stone staircase leading up here.
You climb upwards.
The crimson imp shouts!
You hear a shout!
The crimson imp hits you but does no damage.
There is a stone staircase leading down here.
Unknown command.
Unknown command.
You slash the crimson imp!
The crimson imp is heavily wounded.
You block the crimson imp's attack.
Your shield and plate armour prevent you from hitting the crimson imp.
Your headbutt misses the crimson imp.
The crimson imp is heavily wounded.
The crimson imp barely misses you.
The centaur wields a shortbow.
The centaur shoots an arrow.
The arrow hits you.
* * * LOW HITPOINT WARNING * * *
A centaur comes into view. It is wielding a shortbow.
You block the crimson imp's attack.
The centaur shoots an arrow.
The arrow hits you!
You die... # #c######.# #..@5....# ##########

You could see a centaur and a crimson imp.

Vanquished Creatures
  A black bear (D:6)
  A wyvern skeleton (D:7)
  A centaur zombie (D:6)
  2 orc priests (D:6)
  3 orc wizards
  A worker ant zombie (D:6)
  An adder (D:3)
  2 river rats (Sewer)
  A worm (D:5)
  A dart slug (D:5)
  2 giant geckos
  13 orcs
  A ball python (D:3)
  2 bats (D:3)
  4 giant cockroaches
  A hobgoblin (D:3)
  2 giant newts (D:3)
  3 goblins
  8 kobolds
  8 rats
58 creatures vanquished.

Notes
Turn   | Place    | Note
-------+----------+-------------------------------------------
     0 | D:1      | Implojin the Minotaur Fighter began the quest for the Orb.
     0 | D:1      | Reached XP level 1. HP: 19/19 MP: 0/0
   109 | D:3      | Reached skill level 3 in Axes
   116 | D:3      | Found a glowing drain.
   120 | Sewer    | Entered a sewer
   149 | Sewer    | Reached XP level 2. HP: 15/26 MP: 1/1
   199 | Sewer    | Reached skill level 4 in Axes
   199 | Sewer    | Reached XP level 3. HP: 15/31 MP: 2/2
   315 | D:3      | Reached skill level 5 in Axes
   344 | D:3      | Reached XP level 4. HP: 17/39 MP: 3/3
   476 | D:5      | Entered Level 5 of the Dungeon
   497 | D:5      | Reached skill level 6 in Axes
   497 | D:5      | Reached XP level 5. HP: 29/45 MP: 4/4
   516 | D:5      | Found a snail-covered altar of Cheibriados.
   523 | D:5      | Became a worshipper of Cheibriados the Contemplative
   544 | D:6      | Noticed a black bear
   550 | D:6      | Killed a black bear
   550 | D:6      | Reached skill level 7 in Axes
   592 | D:6      | Reached XP level 6. HP: 36/51 MP: 5/5
   607 | D:6      | Reached skill level 8 in Axes
   638 | D:6      | Found a radiant altar of Vehumet.
   638 | D:6      | Found a glowing silver altar of Zin.
   698 | D:6      | Shot with an arrow by a centaur

Vault maps used:
D:1:      matt_arrival_refuge
D:2:      lemuel_coloured_pillars_altar
D:3:      gup_sewer_entry_bowl
D:4:      minmay_mini_jars
D:5:      lemuel_crystal_altar, okawaru_ov_weapons_minmay, first_bread
D:6:      nicolae_dithmenos_through_a_glass_darkly, elyvilon_altar_3,
          grunt_temple_overflow_open, serial_shops, nicolae_shop_statue_plus,
          hangedman_abyss_or_decor_passed
D:7:      makhleb_altar_promises_db, uniq_duvessa
Sewer:    sewer_minmay_treatment

Skill      XL: |  1  2  3  4  5  6 |
---------------+-------------------+-----
Axes           | 3 4 5 6 7 8 |  8.6
Fighting       | |  3.6
Armour         | |  3.6
Shields        | |  3.6

Action                   |  1- 3 |  4- 6 || total
-------------------------+-------+-------++-------
Melee: War axe           |    53 |    71 ||   124
       Headbutt          |     9 |    12 ||    21
  Use: Potion            |     5 |     4 ||     9
Armor: Scale mail        |    44 |     2 ||    46
       Plate armour      |       |    47 ||    47
Dodge: Dodged            |    16 |    15 ||    31
Block: Shield            |    40 |    44 ||    84

Table legend:
 A = Turns spent in this place as a percentage of turns spent in the entire game.
 B = Non-inter-level travel turns spent in this place as a percentage of non-inter-level travel turns spent in the entire game.
 C = Inter-level travel turns spent in this place as a percentage of turns spent in this place.
 D = Turns resting spent in this place as a percentage of non-inter-level travel turns spent in this place.
 E = Turns spent auto-exploring this place as a percentage of non-inter-level travel turns spent in this place.
 F = Non-inter-level travel turns spent in this place divided by the number of levels of this place that you've seen.
                   A       B       C       D       E      F
               +-------+-------+-------+-------+-------+----------------------
         Total | 100.0 | 100.0 |   0.0 |   0.0 |   0.0 |  95.1
       Dungeon |  82.1 |  82.1 |   0.0 |   0.0 |   0.0 |  89.3
         Sewer |  17.9 |  17.9 |   0.0 |   0.0 |   0.0 | 136.0
               +-------+-------+-------+-------+-------+----------------------

Table legend:
 A = Kills in this place as a percentage of kills in entire the game.
 B = Kills by you in this place as a percentage of kills by you in the entire game.
 C = Kills by friends in this place as a percentage of kills by friends in the entire game.
 D = Other kills in this place as a percentage of other kills in the entire game.
 E = Experience gained in this place as a percentage of experience gained in the entire game.
 F = Experience gained in this place divided by the number of levels of this place that you have seen.
                   A       B       C       D       E      F
               +-------+-------+-------+-------+-------+----------------------
         Total | 100.0 | 100.0 |  -nan |  -nan | 100.0 |  73.9
       Dungeon |  75.9 |  75.9 |  -nan |  -nan |  93.2 |  78.7
         Sewer |  24.1 |  24.1 |  -nan |  -nan |   6.8 |  40.0
               +-------+-------+-------+-------+-------+----------------------
